 Dungeon Crawl Stone Soup version 0.26.0-90-g5fd8617961 (webtiles) character file.

Game seed: 1050448826273705360

8984 delverdan the Grappler (level 11, -4/105 HPs)
             Began as a Troll Berserker on Feb 3, 2021.
             Was a High Priest of Trog.
             Slain by a wolf spider simulacrum (6 damage)
             ... in an ice cave.
             The game lasted 00:13:47 (8072 turns).

delverdan the Grappler (Troll Berserker)            Turns: 8072, Time: 00:13:47

Health: -4/105     AC: 12    Str: 27    XL:     11   Next: 17%
Magic:  10/10      EV: 12    Int:  6    God:    Trog [*****.]
Gold:   781        SH:  0    Dex:  9    Spells: 10/10 levels left

rFire    . . .     SeeInvis .     - Unarmed
rCold    . . .     Faith    +   (no shield)
rNeg     . . .     Spirit   .   a - +1 animal skin
rPois    .         Reflect  .   x - +2 hat
rElec    .         Harm     .   q - +2 cloak
rCorr    +         Rampage  .   (gloves unavailable)
Will     .....                  (boots unavailable)
Stlth    +.........             t - amulet of faith
HPRegen  0.67/turn              i - +4 ring of slaying
MPRegen  0.12/turn              s - ring of resist corrosion

@: berserk cooldown
A: large, unfitting armour, claws 3, regeneration 1, shaggy fur 1, tough skin 3
a: Renounce Religion, Berserk, Trog's Hand, Brothers in Arms


You were in an ice cave.
You worshipped Trog.
Trog was extremely pleased with you.
You visited 2 branches of the dungeon, and saw 12 of its levels.
You also visited: Ice Cave.

You collected 781 gold pieces.

Inventory:

Armour
 a - a +1 animal skin (worn)
 q - a +2 cloak (worn)
 x - a +2 hat (worn)
Jewellery
 i - a +4 ring of slaying (left claw)
 s - a ring of resist corrosion (right claw)
 t - an amulet of faith (around neck)
 B - an uncursed ring of positive energy
 J - a +6 ring of intelligence
Wands
 v - a wand of random effects (22)
 C - a wand of polymorph (6)
 E - a wand of iceblast (4)
 H - a wand of flame (8)
Scrolls
 b - a scroll of identify
 c - 2 scrolls of magic mapping
 e - 4 scrolls of fog
 f - 3 scrolls of teleportation
 k - a scroll of enchant armour
 l - 5 scrolls of remove curse
 m - a scroll of immolation
 o - a scroll of blinking {unknown}
 p - 2 scrolls of fear {unknown}
 r - 2 scrolls of noise
 w - 4 scrolls of amnesia {unknown}
 y - 2 scrolls of random uselessness {unknown}
 A - a scroll of brand weapon {unknown}
 F - 2 scrolls of silence {unknown}
 I - a scroll of enchant weapon {unknown}
Potions
 d - a potion of heal wounds
 g - 2 potions of lignification
 h - a potion of ambrosia
 j - 5 potions of curing
 n - a potion of berserk rage
 u - 3 potions of cancellation
 z - 4 potions of degeneration
 D - a potion of might
 G - a potion of mutation


   Skills:
 - Level 6.0 Fighting
 - Level 6.0 Dodging
 + Level 14.5 Unarmed Combat


You had 10 spell levels left.
You didn't know any spells.
Your spell library was empty.

Dungeon Overview and Level Annotations

Branches:
Dungeon (11/15)            Temple (1/1) D:5            Lair (0/6) D:10
    Orc (0/2) D:9           IceCv (1/1)

Altars:
Okawaru
Qazlal
Ru
Sif Muna
Xom

Shops:
D:4 (

Annotations:
D:9 3 runed translucent doors, jlumianski's ghost, novice PaFi
D:10 2 runed translucent doors, runemasterragnar's ghost, journeyman TrWz


Innate Abilities, Weirdness & Mutations

You are too large for most types of armour.
You have claws for hands.
Your natural rate of healing is unusually fast.
You are covered in fur. (AC +1)
You have extremely tough skin. (AC +3)


Message History

The wolf spider simulacrum bites you!
The wolf spider simulacrum freezes you!!
The polar bear simulacrum bites you! The polar bear simulacrum freezes you!
* * * LOW HITPOINT WARNING * * *
The polar bear simulacrum barely misses you.
The polar bear simulacrum claws you.
* * * LOW HITPOINT WARNING * * *
The polar bear simulacrum freezes you!
* * * LOW HITPOINT WARNING * * *
The death yak simulacrum closely misses you.
The wolf spider simulacrum hits you.
* * * LOW HITPOINT WARNING * * *
The wolf spider simulacrum freezes you!
* * * LOW HITPOINT WARNING * * *
The wolf spider simulacrum bites you but does no damage.
As you read the scroll labelled WAIF YNU UMO, it crumbles to dust.
It is a scroll of enchant armour.
Your +0 animal skin glows green for a moment.
The wolf spider simulacrum hits you.
You die...

#####
##...##
##..∩..##
#.......#
#...∩...#
##.....##
##.@.##


#ZZZ# #.Z.## #...# ##... ##.. ##. .# You could see a death yak simulacrum, a
polar bear simulacrum, a swamp dragon simulacrum and a wolf spider simulacrum.

Vanquished Creatures
  Harold (D:10)
  A two-headed ogre (D:9)
  Pikel (D:4)
  Maurice (D:8)
  2 rime drakes (D:11)
  A komodo dragon (D:10)
  A troll (D:10)
  Grinder (D:5)
  Sigmund (D:2)
  A shadow (D:8)
  A wraith (D:10)
  2 black bears
  6 orc warriors
  3 sky beasts
  3 ice beasts
  A necrophage (D:8)
  5 ogres
  2 centaurs (D:8)
  2 lemures (D:4)
  2 big kobolds
  8 bullfrogs
  4 scorpions
  2 howler monkeys (D:8)
  25 wights
  An electric eel (D:11)
  A quasit (D:6)
  4 hounds
  A jelly (D:8)
  Crazy Yiuf (D:3)
  8 orc priests
  11 orc wizards
  A bullfrog skeleton (D:8)
  Terence (D:3)
  Ijyb (D:5)
  7 worker ants
  A killer bee zombie (D:7)
  2 worker ant zombies
  3 adders
  4 shadow imps
  5 white imps
  2 ufetubi
  An ooze (D:1)
  An adder zombie (D:9)
  A worm (D:3)
  2 dart slugs (D:1)
  5 leopard geckos
  42 orcs
  2 ball pythons (D:2)
  6 giant cockroaches
  3 goblins
  2 hobgoblins
  9 jackals
  13 kobolds
  6 quokkas
  5 bats
  4 frilled lizards
  A quokka zombie (D:7)
  8 rats
242 creatures vanquished.

Vanquished Creatures (others)
  3 plants (D:10)
3 creatures vanquished.

Grand Total: 245 creatures vanquished

Notes
Turn   | Place    | Note
-------+----------+-------------------------------------------
     0 | D:1      | delverdan the Troll Berserker began the quest for the Orb.
     0 | D:1      | Reached XP level 1. HP: 22/22 MP: 0/0
    58 | D:1      | Reached XP level 2. HP: 24/29 MP: 1/1
   693 | D:2      | Reached XP level 3. HP: 36/36 MP: 2/2
   772 | D:2      | Noticed Sigmund
   792 | D:2      | Killed Sigmund
   793 | D:2      | Reached skill level 4 in Unarmed Combat
   793 | D:2      | Reached XP level 4. HP: 32/45 MP: 3/3
   793 | D:2      | Reached XP level 5. HP: 38/53 MP: 4/4
  1011 | D:2      | Reached ** piety under Trog
  1428 | D:3      | Found a runed translucent door.
  1429 | D:3      | Noticed Crazy Yiuf
  1620 | D:3      | Noticed Terence
  1630 | D:3      | Killed Terence
  1631 | D:3      | Reached XP level 6. HP: 48/62 MP: 5/5
  1912 | D:3      | Killed Crazy Yiuf
  1961 | D:4      | Found Bozicizi's Antique Weapon Shoppe.
  1979 | D:3      | Reached skill level 5 in Unarmed Combat
  2041 | D:4      | Reached XP level 7. HP: 71/71 MP: 6/6
  2110 | D:4      | Reached *** piety under Trog
  2368 | D:4      | Reached skill level 5 in Fighting
  2368 | D:4      | Reached skill level 5 in Dodging
  2368 | D:4      | Reached skill level 6 in Unarmed Combat
  2504 | D:4      | Noticed Pikel
  2522 | D:4      | Reached XP level 8. HP: 74/80 MP: 7/7
  2524 | D:4      | Killed Pikel
  2656 | D:5      | Entered Level 5 of the Dungeon
  2687 | D:5      | Noticed Grinder
  2697 | D:5      | Killed Grinder
  2698 | D:5      | Reached skill level 7 in Unarmed Combat
  2698 | D:5      | Found a staircase to the Ecumenical Temple.
  2727 | Temple   | Entered the Ecumenical Temple
  2759 | D:5      | Noticed Ijyb
  2768 | D:5      | Killed Ijyb
  2973 | D:5      | Found a sacrificial altar of Ru.
  3365 | D:6      | Reached XP level 9. HP: 76/89 MP: 8/8
  3486 | D:6      | Reached skill level 8 in Unarmed Combat
  3935 | D:7      | Reached **** piety under Trog
  3968 | D:7      | Reached skill level 9 in Unarmed Combat
  4698 | D:7      | Reached skill level 10 in Unarmed Combat
  5188 | D:8      | Reached skill level 11 in Unarmed Combat
  5200 | D:8      | Noticed Maurice
  5213 | D:8      | Killed Maurice
  5214 | D:8      | Reached XP level 10. HP: 98/98 MP: 9/9
  5365 | D:8      | Reached skill level 12 in Unarmed Combat
  6149 | D:9      | Found a staircase to the Orcish Mines.
  6333 | D:9      | Noticed a two-headed ogre
  6338 | D:9      | Killed a two-headed ogre
  6339 | D:9      | Reached skill level 13 in Unarmed Combat
  6453 | D:9      | Found an iron altar of Okawaru.
  6764 | D:9      | Found a runed translucent gate.
  6764 | D:9      | Found a runed translucent gate.
  6766 | D:9      | Found a runed translucent gate.
  6772 | D:9      | Noticed jlumianski's ghost (novice PaFi)
  6772 | D:9      | Noticed a spectral centaur warrior
  6944 | D:10     | Entered Level 10 of the Dungeon
  6948 | D:10     | Reached ***** piety under Trog
  7216 | D:10     | Noticed Harold
  7226 | D:10     | Killed Harold
  7227 | D:10     | Reached skill level 14 in Unarmed Combat
  7227 | D:10     | Reached XP level 11. HP: 100/105 MP: 10/10
  7280 | D:10     | Found a staircase to the Lair.
  7394 | D:10     | Noticed a skeletal warrior
  7394 | D:10     | Noticed runemasterragnar's ghost (journeyman TrWz)
  7394 | D:10     | Noticed a lich
  7422 | D:10     | Noticed a deep troll
  7422 | D:10     | Noticed a glowing orange brain
  7586 | D:10     | Found a runed translucent door.
  7594 | D:10     | Noticed a skeletal warrior
  7596 | D:10     | Found a runed translucent door.
  7596 | D:10     | Noticed a necromancer
  8046 | D:11     | Found a frozen archway.
  8068 | IceCv    | Entered an ice cave
  8071 | IceCv    | HP: 1/105 [wolf spider simulacrum (17)]
  8072 | IceCv    | Slain by a wolf spider simulacrum

Illustrated notes

Levels and vault maps discovered:
D:1:      grunt_arrival_crossed_arrows, layout_basic
D:2:      minmay_general_purpose_star, layout_basic, uniq_sigmund
D:3:      layout_loops_ring, uniq_terence, uniq_crazy_yiuf_cottage
D:4:      layout_rooms, serial_shops, nicolae_shop_stone, uniq_pikel
D:5:      layout_rooms, minmay_temple_entry_trees, basic_altar, uniq_grinder,
          uniq_ijyb
D:6:      layout_basic, kennysheep_minor_cross
D:7:      layout_layer_cave
D:8:      layout_rooms, uniq_maurice
D:9:      layout_basic, okawaru_gym_becter, orc_0_dummy,
          gammafunk_ghost_necromancy
D:10:     layout_roguey, david_lair_shrubbed, muffindrake_ghost_dual_entry,
          uniq_harold
D:11:     layout_basic, portal_ice_cave_rime, uniq_fannar
Temple:   compressed_dpeg_circular_temple
IceCv:    ice_cave_small_necro

Skill      XL: |  1  2  3  4  5  6  7  8  9 10 |
---------------+-------------------------------+-----
Fighting       | 3 4 5 6 |  6.0
Dodging        | 3 4 5 6 |  6.0
Unarmed Combat | 4 5 6 7 11 14 | 14.5

Action                   |  1- 3 |  4- 6 |  7- 9 | 10-12 || total
-------------------------+-------+-------+-------+-------++-------
Melee: Unarmed           |    43 |    88 |   287 |   200 ||   618
       Punch             |       |     1 |     7 |    13 ||    21
Invok: Berserk           |       |     3 |     3 |     4 ||    10
       Trog's Hand       |       |       |       |     2 ||     2
  Use: Scroll            |       |       |    14 |     5 ||    19
       Potion            |       |       |       |     2 ||     2
 Stab: Distracted        |       |       |       |     1 ||     1
Armor: Animal skin       |    14 |    37 |   130 |    92 ||   273
Dodge: Dodged            |    19 |    55 |   177 |   105 ||   356
